[Event "Titled Tuesday Blitz August 15 Late 2023"]
[White "Kujawski, Adam"]
[Black "Graif, William"]
[WhiteFideId "1100920"]
[BlackFideId "2609835"]
[WhiteElo "2315"]
[BlackElo "2554"]
[Result "1-0"]
[Round "5"]
[TimeControl "180+1"]
[Date "2023.08.15"]
[WhiteClock "0:00:17"]
[BlackClock "0:00:37"]
[Board "125"]

1. d4 Nf6 2. Bf4 c5 3. d5 b5 4. f3 g6 5. e4 Bg7 6. a4 b4 7. Nd2 Nh5 8. Be3 Bxb2 9. g4 Nf6 10. Ne2 d6 11. Nc4 Bxa1 12. Qxa1 Rg8 13. Ng3 Nbd7 14. g5 Nh5 15. Nxh5 gxh5 16. Be2 Nb6 17. Na5 Bd7 18. Nc6 Bxc6 19. dxc6 Qc7 20. O-O a5 21. Bb5 O-O-O 22. c3 f6 23. cxb4 cxb4 24. Qd4 Na8 25. Rb1 e5 26. Ba6+ Kb8 27. Rxb4+ axb4 28. Qxb4+ Nb6 29. Bxb6 Rxg5+ 30. Kf2 Qxc6 31. Bxd8+ Ka7 32. Be2 Qc5+ 33. Qxc5+ dxc5 34. Bxf6 Rg6 35. Bxe5 Re6 36. Bf4 Rc6 37. Ke3 c4 38. Kd2 c3+ 39. Kc2 Rb6 40. Be3 Kb7 41. Bxb6 Kxb6 42. Kxc3 Ka5 43. Kd4 Kxa4 44. Ke5 Ka5 45. Kf4 Kb6 46. Kg5 Kc7 47. Kxh5 Kd8 48. Kh6 Ke8 49. Kxh7 Ke7 50. f4 Ke6 51. Kh6 Kf6 52. Kh5 Ke6 53. Kg4 Ke7 54. h4 Kf7 55. h5 Ke7 56. e5 Kf7 57. Bd3 Kg8 58. Kg5 Kg7 59. f5 Kg8 60. f6 Kf8 61. h6 Kg8 62. Kf5 Kf8 63. e6 Kg8 64. Ke5 Kh8 65. Kd6 Kg8 66. Ke7 Kh8 67. Ke8 Kg8 68. f7+ Kh8 69. f8=Q# 1-0


[Site "https://www.chess.com"]

[Event "Titled Tuesday Blitz August 15 Late 2023"]
[White "Gasparyan, David"]
[Black "Garmendiarov"]
[WhiteFideId "13311980"]
[WhiteElo "2543"]
[BlackElo "2304"]
[Result "1-0"]
[Round "5"]
[TimeControl "180+1"]
[Date "2023.08.15"]
[WhiteClock "0:00:12"]
[BlackClock "0:00:07"]
[Board "126"]

1. d4 Nf6 2. c4 g6 3. g3 Bg7 4. Bg2 c6 5. Nc3 d5 6. Qa4 O-O 7. Nf3 dxc4 8. Qxc4 Nbd7 9. O-O Nb6 10. Qd3 Nfd5 11. Nxd5 cxd5 12. Ne5 Bf5 13. Qb3 Rc8 14. Bf4 g5 15. Bd2 f6 16. Nd3 Nc4 17. Bc3 b6 18. Nb4 e6 19. Rac1 Qd7 20. Rfe1 a5 21. Nd3 a4 22. Qd1 Rfe8 23. e4 Bxe4 24. Bxe4 dxe4 25. Rxe4 f5 26. Re1 Bxd4 27. Qh5 Bxc3 28. Rxc3 g4 29. Rec1 Nd6 30. Ne5 Qg7 31. Re1 Rxc3 32. bxc3 Ne4 33. Qxe8+ Qf8 34. Qxe6+ Kh8 35. Nd7 Qg7 36. Qe8+ Qg8 37. Qe5+ Qg7 38. Qxg7+ Kxg7 39. Rxe4 fxe4 40. Nxb6 Kf6 41. Nxa4 Ke5 42. Nb2 Kd5 43. Kf1 e3 44. fxe3 1-0


[Site "https://www.chess.com"]

[Event "Titled Tuesday Blitz August 15 Late 2023"]
[White "Musovic, Armin"]
[Black "Dr_Pepper18"]
[WhiteFideId "939935"]
[WhiteElo "2539"]
[BlackElo "2301"]
[Result "0-1"]
[Round "5"]
[TimeControl "180+1"]
[Date "2023.08.15"]
[WhiteClock "0:00:18"]
[BlackClock "0:00:20"]
[Board "127"]

1. a3 Nf6 2. Nc3 g6 3. e4 d6 4. d4 Bg7 5. Bg5 O-O 6. f4 Nfd7 7. Bh4 c6 8. Nf3 Re8 9. Bc4 b5 10. Ba2 Qb6 11. Bf2 Bb7 12. O-O a6 13. e5 d5 14. f5 Nf8 15. fxg6 fxg6 16. Ne2 e6 17. c3 Nbd7 18. h4 c5 19. h5 cxd4 20. cxd4 Rac8 21. Qd2 gxh5 22. Qg5 Ng6 23. Qxh5 Ndf8 24. Ng5 h6 25. Nh3 Rc2 26. Nef4 Nxf4 27. Nxf4 Rec8 28. Bb1 Rxf2 29. Ng6 Qxd4 30. Ne7+ Kh8 31. Rxf2 Rc1+ 32. Kh2 Qxf2 33. Ng6+ Nxg6 34. Bxg6 Qf4+ 35. g3 Qf2+ 36. Kh3 Rxa1 37. Bb1 Rxb1 38. Qe8+ Qf8 39. Qg6 d4 40. Qxb1 Qf5+ 41. Qxf5 exf5 42. e6 Bc6 43. g4 Bf6 44. gxf5 Kg7 45. e7 Bxe7 46. b4 Kf6 47. Kg4 Bd5 48. Kh5 Bc4 49. a4 d3 50. axb5 axb5 51. Kxh6 d2 52. Kh7 d1=Q 53. Kh8 Qh5# 0-1


[Site "https://www.chess.com"]

[Event "Titled Tuesday Blitz August 15 Late 2023"]
[White "Deng, Henry"]
[Black "Shapiro, Daniel"]
[WhiteFideId "30965454"]
[BlackFideId "2001780"]
[WhiteElo "2531"]
[BlackElo "2298"]
[Result "1-0"]
[Round "5"]
[TimeControl "180+1"]
[Date "2023.08.15"]
[WhiteClock "0:00:11"]
[BlackClock "0:00:00"]
[Board "128"]

1. e4 e5 2. Nf3 Nc6 3. d4 exd4 4. Bc4 d6 5. Nxd4 Bd7 6. O-O Nf6 7. Nc3 Be7 8. h3 O-O 9. Be3 Re8 10. Re1 Na5 11. Bd3 c5 12. Nf3 Bc6 13. Nd2 a6 14. a3 Rc8 15. b4 cxb4 16. axb4 Bd7 17. Nd5 Nc6 18. Bb6 Nxd5 19. Bxd8 Nc3 20. Qf3 Rexd8 21. Bc4 Ne5 22. Qxc3 Nxc4 23. Nxc4 Be6 24. Qd2 Rxc4 25. Rad1 h6 26. Kh1 Bf6 27. Re2 g5 28. Qd3 Be5 29. Red2 Rxb4 30. Qa3 Rc4 31. Rxd6 Bxd6 32. Rxd6 Rxd6 33. Qxd6 Rxc2 34. Qb8+ Kg7 35. Qxb7 Bc4 36. Kh2 Bb5 37. Qd5 Rc6 38. e5 Re6 39. g3 Rc6 40. h4 Re6 41. hxg5 hxg5 42. f4 Bc6 43. Qd4 Rh6+ 44. Kg1 gxf4 45. e6+ Kf8 46. Qd8+ Kg7 47. Qd4+ Kf8 48. Qc5+ Kg7 49. Qxc6 Rxe6 50. Qc3+ Rf6 51. gxf4 Kg6 52. Qg3+ Kf5 53. Qg5+ 1-0


[Site "https://www.chess.com"]

[Event "Titled Tuesday Blitz August 15 Late 2023"]
[White "Pein, Malcolm"]
[Black "Karamsetty, Jeevan"]
[WhiteFideId "400289"]
[BlackFideId "2025337"]
[WhiteElo "2293"]
[BlackElo "2521"]
[Result "0-1"]
[Round "5"]
[TimeControl "180+1"]
[Date "2023.08.15"]
[WhiteClock "0:00:00"]
[BlackClock "0:00:08"]
[Board "129"]

1. c4 e5 2. Nc3 Bb4 3. Nd5 Be7 4. d4 c6 5. Nxe7 Qxe7 6. dxe5 Qxe5 7. Nf3 Qe7 8. Qd4 Nf6 9. Bf4 d5 10. cxd5 cxd5 11. e3 Nc6 12. Bb5 Bd7 13. Qa4 O-O 14. O-O Ne4 15. Rfd1 a6 16. Be2 b5 17. Qb3 Be6 18. Rac1 Rfc8 19. Qd3 Nb4 20. Qb1 Bf5 21. Nd4 Bg6 22. Rxc8+ Rxc8 23. Rc1 Re8 24. Qa1 Nd2 25. a3 Nc2 26. Nxc2 Nb3 27. Qb1 Nxc1 28. Qxc1 Rc8 29. Bd1 Bxc2 30. Bxc2 Qc5 31. Bxh7+ Kxh7 32. Qf1 Qc1 33. g4 Qxf1+ 34. Kxf1 Rc2 35. Be5 f6 36. Bd4 a5 37. Kg2 b4 38. axb4 axb4 39. h4 Kg6 40. Kg3 Kf7 41. h5 Ke6 42. f3 Rc1 43. Kf4 b3 44. g5 Rh1 45. gxf6 gxf6 46. Kg4 Rg1+ 47. Kf4 Rg5 48. e4 Rxh5 49. exd5+ Rxd5 50. Ke4 Rh5 51. f4 f5+ 52. Kd3 Rh3+ 53. Kc4 Rf3 54. Be5 Kd7 0-1


[Site "https://www.chess.com"]

[Event "Titled Tuesday Blitz August 15 Late 2023"]
[White "elpera"]
[Black "rikchessmx"]
[WhiteElo "2491"]
[BlackElo "2295"]
[Result "1-0"]
[Round "5"]
[TimeControl "180+1"]
[Date "2023.08.15"]
[WhiteClock "0:01:16"]
[BlackClock "0:00:00"]
[Board "130"]

1. d4 Nf6 2. Bg5 e6 3. e4 h6 4. Bxf6 Qxf6 5. Nc3 d6 6. Qd2 g5 7. O-O-O Bg7 8. e5 Qe7 9. exd6 cxd6 10. h4 g4 11. f3 h5 12. Kb1 a6 13. d5 e5 14. Nge2 f5 15. Ng3 f4 16. Nge4 Nd7 17. Bd3 b5 18. Ng5 Nf8 19. Nce4 1-0


[Site "https://www.chess.com"]

[Event "Titled Tuesday Blitz August 15 Late 2023"]
[White "Ai, Evan"]
[Black "Kirillov, Dmitry"]
[WhiteFideId "2094770"]
[BlackFideId "34180572"]
[WhiteElo "2267"]
[BlackElo "2473"]
[Result "0-1"]
[Round "5"]
[TimeControl "180+1"]
[Date "2023.08.15"]
[WhiteClock "0:00:24"]
[BlackClock "0:01:36"]
[Board "131"]

1. e4 Nc6 2. Nf3 e5 3. Bb5 a6 4. Ba4 Nf6 5. O-O b5 6. Bb3 Bc5 7. c3 d6 8. d4 Bb6 9. a4 Bg4 10. axb5 axb5 11. Rxa8 Qxa8 12. d5 Ne7 13. Nbd2 O-O 14. h3 Bd7 15. Qe2 Ng6 16. Nb1 Qa1 17. Bg5 Nh5 18. Na3 Ng3 19. Rxa1 Nxe2+ 20. Kf1 Nef4 21. Bxf4 Nxf4 22. Nc2 Nd3 23. Rb1 Nc5 24. Nd2 f5 25. exf5 Bxf5 26. Rc1 Nd3 0-1


[Site "https://www.chess.com"]

[Event "Titled Tuesday Blitz August 15 Late 2023"]
[White "LuxLinster"]
[Black "Bochnicka, Vladimir"]
[BlackFideId "14943450"]
[WhiteElo "2259"]
[BlackElo "2465"]
[Result "1/2-1/2"]
[Round "5"]
[TimeControl "180+1"]
[Date "2023.08.15"]
[WhiteClock "0:00:03"]
[BlackClock "0:01:14"]
[Board "132"]

1. d4 Nf6 2. c4 g6 3. Nc3 Bg7 4. e4 d6 5. f4 O-O 6. Nf3 c5 7. d5 e6 8. dxe6 Bxe6 9. Bd3 Nc6 10. f5 Bc8 11. O-O Re8 12. Bg5 h6 13. Bh4 g5 14. Bg3 Ng4 15. Qd2 Nge5 16. Nxe5 Nxe5 17. Nd5 Bf6 18. Rad1 Bd7 19. Be2 Bc6 20. Bh5 Nxc4 21. Qe2 Bxd5 22. Rxd5 Ne5 23. Rfd1 Qe7 24. Rxd6 Rad8 25. Rxd8 Rxd8 26. Bf2 b6 27. b3 Nc6 28. h3 Rxd1+ 29. Qxd1 Qxe4 30. Qd7 Ne5 31. Qe8+ Kg7 32. Bg3 Qb1+ 33. Kh2 Qxf5 34. Be2 Ng6 35. Bc4 Be5 36. Bxe5+ Qxe5+ 37. Qxe5+ Nxe5 38. Bd5 f5 39. Kg3 f4+ 40. Kf2 Kf6 41. g3 fxg3+ 42. Kxg3 Kf5 43. Bb7 Nd3 44. Bc8+ Ke5 45. Kg4 Kd4 46. Kh5 Nf4+ 47. Kxh6 Kc3 48. Kxg5 Nxh3+ 49. Bxh3 Kb2 50. Kf6 Kxa2 51. Be6 Ka3 52. Ke5 Kb4 53. Kd6 a5 54. Ke5 b5 55. Ke4 a4 56. bxa4 bxa4 57. Kd3 Ka3 58. Bc4 Kb2 59. Be6 a3 60. Bd5 Kb1 61. Kc3 c4 62. Bxc4 a2 63. Bxa2+ 1/2-1/2


[Site "https://www.chess.com"]

[Event "Titled Tuesday Blitz August 15 Late 2023"]
[White "Garrido, Denis"]
[Black "Bazilius, Augustinas"]
[WhiteFideId "601217"]
[BlackFideId "12832251"]
[WhiteElo "2259"]
[BlackElo "2462"]
[Result "0-1"]
[Round "5"]
[TimeControl "180+1"]
[Date "2023.08.15"]
[WhiteClock "0:01:32"]
[BlackClock "0:01:50"]
[Board "133"]

1. e4 c5 2. Nf3 e6 3. d4 cxd4 4. Nxd4 a6 5. h3 b5 6. a4 bxa4 7. Bd3 Bb7 8. O-O Nc6 9. Be3 Nf6 10. Rxa4 Nxd4 11. Bxd4 Nxe4 12. Bxe4 Bxe4 13. Nc3 Bc6 14. Ra1 f6 15. Qh5+ g6 16. Qe2 Kf7 17. f4 Be7 18. f5 gxf5 19. Qh5+ Kf8 20. Be3 Qe8 21. Bh6+ Kg8 22. Qh4 Qg6 23. Rf2 Bc5 0-1


[Site "https://www.chess.com"]

[Event "Titled Tuesday Blitz August 15 Late 2023"]
[White "Vaglio Munoz, Jaime"]
[Black "Villiers, Thomas"]
[WhiteFideId "6500145"]
[BlackFideId "427209"]
[WhiteElo "2245"]
[BlackElo "2422"]
[Result "0-1"]
[Round "5"]
[TimeControl "180+1"]
[Date "2023.08.15"]
[WhiteClock "0:00:00"]
[BlackClock "0:00:22"]
[Board "134"]

1. Nf3 g6 2. d4 Bg7 3. b3 c5 4. Bb2 Nc6 5. e3 cxd4 6. Nxd4 Nf6 7. Nxc6 bxc6 8. c4 O-O 9. Be2 d5 10. O-O Qc7 11. Nd2 Ng4 12. Bxg4 Bxb2 13. Rb1 Bg7 14. Bf3 Ba6 15. Rc1 Qa5 16. Rc2 e5 17. e4 Rad8 18. Re1 dxc4 19. bxc4 Rd4 20. Qe2 Qa4 21. Rec1 Rfd8 22. Nb3 Bh6 23. Nxd4 Bxc1 24. Nb3 Ba3 25. g3 Be7 26. Kg2 Qb4 27. h4 Bc8 28. Bg4 Bb7 29. h5 c5 30. Bf3 a5 31. Nc1 Qa3 32. Rb2 Ba6 33. Rc2 Bg5 34. Nb3 a4 35. Na1 Qb4 36. Bg4 Qb1 37. Qf1 Qxf1+ 38. Kxf1 Rd4 39. Be2 Rxe4 40. f3 Rd4 41. Kf2 Rd2 42. Rxd2 Bxd2 43. Nc2 Kg7 44. Bd3 Kf6 45. Ke2 Ba5 46. f4 exf4 47. gxf4 Bc7 48. hxg6 fxg6 49. Kf3 Bb7+ 50. Ke3 h5 51. Na3 h4 52. Bf1 g5 53. fxg5+ Kxg5 54. Nb5 Be5 0-1


[Site "https://www.chess.com"]

[Event "Titled Tuesday Blitz August 15 Late 2023"]
[White "Rangel, Daniel"]
[Black "Kohler, Aran"]
[WhiteFideId "2124475"]
[BlackFideId "1002856"]
[WhiteElo "2421"]
[BlackElo "2236"]
[Result "0-1"]
[Round "5"]
[TimeControl "180+1"]
[Date "2023.08.15"]
[WhiteClock "0:00:00"]
[BlackClock "0:00:29"]
[Board "135"]

1. d4 Nf6 2. Nc3 d5 3. Bf4 a6 4. e3 c5 5. dxc5 Nc6 6. Nf3 Qa5 7. Bd3 Qxc5 8. Kf1 Bg4 9. h3 Bxf3 10. gxf3 e5 11. Bg5 Be7 12. Bf5 Rd8 13. a3 O-O 14. Rg1 g6 15. Bxf6 Bxf6 16. h4 Bg7 17. Bh3 d4 18. Ne4 Qb5+ 19. Kg2 dxe3 20. Qc1 exf2 21. Kxf2 Nd4 22. c4 Qb3 23. Nc3 Qxc4 24. Qf1 Qc6 25. Rg3 Nb3 26. Re1 Qb6+ 27. Kg2 Nd2 28. Qe2 Qxb2 29. h5 Nc4 30. Qxb2 Nxb2 31. hxg6 hxg6 32. Rb1 Rd2+ 33. Kf1 b5 34. Ne4 Rd1+ 35. Rxd1 Nxd1 36. Ke2 Nb2 37. Rg1 Nc4 38. Ra1 Rd8 39. a4 b4 40. Rc1 Na5 41. Rc5 Nb3 42. Rc7 Nd4+ 43. Kf2 f5 44. Ng5 b3 45. Rb7 Rc8 46. Bf1 Rc2+ 47. Ke3 b2 48. Bxa6 Bh6 49. f4 exf4+ 50. Kxd4 Bxg5 51. Bc4+ Kh8 52. a5 Bf6+ 53. Kd5 Rc1 54. Bd3 Rd1 55. Kc4 Ra1 56. Rb5 Kg7 57. Kd5 Kh6 58. Ke6 Kg5 59. Kf7 f3 60. Rb6 f2 61. Rxf6 b1=Q 62. Rxg6+ Kf4 63. Bxb1 Rxb1 0-1


[Site "https://www.chess.com"]

[Event "Titled Tuesday Blitz August 15 Late 2023"]
[White "financieru"]
[Black "Fernandez Bustamante, Leancy B."]
[BlackFideId "3523870"]
[WhiteElo "2414"]
[BlackElo "2232"]
[Result "1/2-1/2"]
[Round "5"]
[TimeControl "180+1"]
[Date "2023.08.15"]
[WhiteClock "0:00:17"]
[BlackClock "0:00:14"]
[Board "136"]

1. d4 c5 2. Nf3 cxd4 3. Nxd4 Nc6 4. c4 Nxd4 5. Qxd4 d6 6. g3 Nf6 7. Bg2 g6 8. O-O Bg7 9. Nc3 O-O 10. Qd3 a6 11. e4 Be6 12. b3 Qa5 13. Bb2 Rfc8 14. Rac1 Nd7 15. f4 b5 16. cxb5 axb5 17. Qd2 b4 18. Nd5 Bxd5 19. Bxg7 Kxg7 20. Rxc8 Rxc8 21. exd5 Nf6 22. h3 Rc5 23. Rd1 Qc7 24. Qxb4 Rc2 25. Rd2 Nh5 26. Kh2 Rc3 27. Qd4+ Kg8 28. g4 Nf6 29. b4 Rc4 30. Qb2 Rxf4 31. b5 Ne4 32. Rc2 Nc5 33. b6 Qb7 34. Rxc5 dxc5 35. d6 Qb8 36. b7 Rb4 37. Qe5 Qxd6 38. Qxd6 exd6 39. a4 c4 40. a5 c3 41. a6 c2 42. a7 c1=Q 43. b8=Q+ Rxb8 44. axb8=Q+ Kg7 45. Qxd6 f6 46. Qe7+ Kh6 47. Qxf6 Qc7+ 48. Kg1 Qc5+ 49. Qf2 Qc1+ 50. Kh2 Qc7+ 51. Qg3 Qc5 52. h4 Kg7 53. g5 h6 54. Qf4 hxg5 55. hxg5 Qa5 56. Qf6+ Kh7 57. Qf7+ Kh8 58. Qxg6 Qe5+ 59. Kh3 Qg3+ 60. Kxg3 1/2-1/2


[Site "https://www.chess.com"]

[Event "Titled Tuesday Blitz August 15 Late 2023"]
[White "Osmonbekov, Talaibek"]
[Black "FuenfgegenWilly"]
[WhiteFideId "2017253"]
[WhiteElo "2207"]
[BlackElo "2413"]
[Result "0-1"]
[Round "5"]
[TimeControl "180+1"]
[Date "2023.08.15"]
[WhiteClock "0:00:00"]
[BlackClock "0:01:49"]
[Board "137"]

1. d4 f5 2. e4 fxe4 3. Nc3 Nf6 4. Bg5 g6 5. f3 d5 6. Qd2 Bg7 7. O-O-O c6 8. h4 Bf5 9. g4 Be6 10. Bxf6 Bxf6 11. g5 Bg7 12. fxe4 dxe4 13. Nxe4 Qd5 14. Nc3 Qxh1 15. Bg2 Qxh4 16. Re1 Bf5 17. Nf3 Qg3 18. Ne4 Bxe4 19. Rxe4 O-O 20. Rxe7 Na6 21. Rxb7 Rxf3 22. Bxf3 Qxf3 0-1


[Site "https://www.chess.com"]

[Event "Titled Tuesday Blitz August 15 Late 2023"]
[White "olackza"]
[Black "Baghdasaryan, Vahe"]
[BlackFideId "13303139"]
[WhiteElo "2205"]
[BlackElo "2408"]
[Result "0-1"]
[Round "5"]
[TimeControl "180+1"]
[Date "2023.08.15"]
[WhiteClock "0:00:06"]
[BlackClock "0:00:56"]
[Board "138"]

1. e4 e5 2. Nf3 Nc6 3. Bb5 a6 4. Ba4 Nf6 5. O-O Be7 6. Re1 b5 7. Bb3 O-O 8. d4 Nxd4 9. Nxd4 exd4 10. Qxd4 c5 11. Qd3 c4 12. Bxc4 bxc4 13. Qxc4 Bb7 14. e5 Nd5 15. c3 Rc8 16. Qg4 f5 17. Qe2 Bg5 18. Nd2 Nf4 19. Qd1 Nxg2 20. Nf1 Nxe1 21. Qxe1 Bxc1 22. Qxc1 f4 23. f3 Bxf3 24. Kf2 Bb7 25. Nd2 Qh4+ 26. Ke2 f3+ 27. Kd3 f2 28. Qf1 a5 29. Rd1 Ba6+ 30. c4 Bxc4+ 31. Nxc4 Qxc4+ 32. Ke3 Qc5+ 33. Ke2 Qxe5+ 34. Kd3 Rf3+ 35. Kd2 Qe3# 0-1


[Site "https://www.chess.com"]

[Event "Titled Tuesday Blitz August 15 Late 2023"]
[White "Arnold, Ken"]
[Black "Petersson, Kjell"]
[WhiteFideId "2056836"]
[BlackFideId "1705148"]
[WhiteElo "2399"]
[BlackElo "2186"]
[Result "1-0"]
[Round "5"]
[TimeControl "180+1"]
[Date "2023.08.15"]
[WhiteClock "0:00:23"]
[BlackClock "0:00:09"]
[Board "139"]

1. d4 f5 2. c4 Nf6 3. Nf3 e6 4. Nc3 Bb4 5. Qc2 O-O 6. Bg5 h6 7. Bxf6 Qxf6 8. a3 Bxc3+ 9. Qxc3 b6 10. g3 Bb7 11. Bg2 d6 12. O-O Be4 13. Rac1 Nd7 14. b4 c5 15. dxc5 dxc5 16. Qxf6 gxf6 17. Rfd1 Rfd8 18. Rd6 Kf7 19. Rcd1 Ke7 20. Nh4 Ne5 21. Rxd8 Rxd8 22. Rxd8 Kxd8 23. f3 Bc2 24. bxc5 bxc5 25. Kf2 Nxc4 26. Ke1 Nxa3 27. Kd2 a5 28. Kc3 Bd1 29. Bf1 Kd7 30. e4 fxe4 31. fxe4 Kc6 32. Ng6 Nb5+ 33. Kd2 Bh5 34. Nf4 Bf7 35. Bc4 Nd4 36. Nd3 a4 37. e5 f5 38. Nf4 Kb6 39. Kc3 Ka5 40. h3 a3 41. g4 fxg4 42. hxg4 Ka4 43. Ba2 Nb5+ 44. Kc4 Nd4 45. Kxc5 Nf3 46. Kd6 Kb4 47. Nxe6 Bxe6 48. Bxe6 Kc3 49. Bd5 Ng5 50. e6 Kb2 51. e7 Nf7+ 52. Bxf7 a2 53. Bxa2 Kxa2 54. e8=Q 1-0


[Site "https://www.chess.com"]

[Event "Titled Tuesday Blitz August 15 Late 2023"]
[White "Quispe Santacruz, Javier"]
[Black "Balla, Tamas-Kristof"]
[WhiteFideId "3800920"]
[BlackFideId "1208497"]
[WhiteElo "2164"]
[BlackElo "2397"]
[Result "0-1"]
[Round "5"]
[TimeControl "180+1"]
[Date "2023.08.15"]
[WhiteClock "0:01:29"]
[BlackClock "0:01:22"]
[Board "140"]

1. d4 d5 2. c4 e6 3. Nc3 c5 4. cxd5 exd5 5. Nf3 Nc6 6. g3 Nf6 7. Bg2 cxd4 8. Nxd4 Bc5 9. Nb3 Bb6 10. O-O d4 11. Ne4 Nxe4 12. Bxe4 Bh3 13. Bg2 Bxg2 14. Kxg2 O-O 15. a4 Qd5+ 16. Kg1 Rad8 17. Bf4 Rfe8 18. Rc1 h6 19. h4 Re6 20. Re1 g5 21. hxg5 hxg5 22. Bd2 Rh6 23. e4 dxe3 0-1


[Site "https://www.chess.com"]

[Event "Titled Tuesday Blitz August 15 Late 2023"]
[White "campochess"]
[Black "sebastianmarinp"]
[WhiteElo "2160"]
[BlackElo "2393"]
[Result "0-1"]
[Round "5"]
[TimeControl "180+1"]
[Date "2023.08.15"]
[WhiteClock "0:00:13"]
[BlackClock "0:00:59"]
[Board "141"]

1. d4 Nf6 2. Bg5 e6 3. e4 h6 4. Bxf6 Qxf6 5. Nf3 d6 6. c4 g5 7. h3 Bg7 8. Nc3 Nd7 9. Be2 a6 10. Rc1 O-O 11. O-O b6 12. Bd3 Bb7 13. Ne2 c5 14. d5 exd5 15. exd5 Qxb2 16. Ng3 Ne5 17. Bb1 Bc8 18. Ne1 Ng6 19. Rc2 Qd4 20. Nf3 Qxd1 21. Rxd1 f5 22. Re2 Bd7 23. Rde1 Bc3 24. Rc1 Be5 25. Nxe5 Nxe5 26. Rb2 b5 27. cxb5 axb5 28. Rd1 b4 29. Nf1 f4 30. Nh2 Bf5 31. f3 Bxb1 32. Rdxb1 Ra3 33. Ng4 Nxg4 34. hxg4 Rfa8 35. Re1 Rxa2 36. Rxa2 Rxa2 37. Re8+ Kf7 38. Rb8 Rd2 39. Rb7+ Kf6 40. Rh7 b3 41. Rxh6+ Ke5 42. Re6+ Kxd5 43. Re1 b2 44. Rb1 c4 0-1


[Site "https://www.chess.com"]

[Event "Titled Tuesday Blitz August 15 Late 2023"]
[White "Fernandez Garcia, Gumersindo"]
[Black "Ottosen, David"]
[WhiteFideId "24516740"]
[BlackFideId "2603080"]
[WhiteElo "2391"]
[BlackElo "2124"]
[Result "1-0"]
[Round "5"]
[TimeControl "180+1"]
[Date "2023.08.15"]
[WhiteClock "0:00:14"]
[BlackClock "0:00:18"]
[Board "142"]

1. e4 e6 2. d4 d5 3. Bd3 c5 4. exd5 Qxd5 5. Nf3 Bd7 6. Nc3 Qh5 7. O-O Nf6 8. Be3 cxd4 9. Nxd4 Qxd1 10. Raxd1 a6 11. Rfe1 Nc6 12. Ne4 Be7 13. c3 O-O 14. Nb3 Ne5 15. Nxf6+ Bxf6 16. Be4 Bc6 17. Bd4 Bxe4 18. Rxe4 Rfd8 19. Rde1 Nc6 20. Bxf6 gxf6 21. g3 f5 22. R4e2 Rd5 23. Kg2 Rad8 24. Rc1 Kg7 25. a4 Kf6 26. h4 f4 27. g4 h5 28. g5+ Kf5 29. Rce1 Kg4 30. Re4 e5 31. Rh1 Kf5 32. f3 f6 33. gxf6 Kxf6 34. Kf2 Rg8 35. Rg1 Rxg1 36. Kxg1 Rd1+ 37. Kg2 Kf5 38. Nc5 Rd2+ 39. Kh3 Rxb2 40. Re1 Rc2 41. Ne4 Ra2 42. Rb1 Na5 43. Rb6 Nc6 44. Rxb7 Rxa4 45. Rb6 Rc4 46. Rxa6 Ke6 47. Rb6 Kd5 48. Rb7 Ra4 49. Rd7+ Kc4 50. Rh7 Kd3 51. Rxh5 Ke3 52. Rh6 Kxf3 53. Ng5+ Ke3 54. Rxc6 f3 55. Rf6 e4 56. h5 f2 57. h6 Ra3 58. h7 Ra8 59. Nf7 Ke2 60. Kg2 e3 61. h8=Q Rxh8 62. Nxh8 Ke1 63. c4 e2 64. Rxf2 Kd1 65. Rxe2 1-0


[Site "https://www.chess.com"]

[Event "Titled Tuesday Blitz August 15 Late 2023"]
[White "Joubert, Dantelle"]
[Black "Mikhalsky, Vladimir"]
[WhiteFideId "14310813"]
[BlackFideId "14144352"]
[WhiteElo "2071"]
[BlackElo "2383"]
[Result "0-1"]
[Round "5"]
[TimeControl "180+1"]
[Date "2023.08.15"]
[WhiteClock "0:00:09"]
[BlackClock "0:00:15"]
[Board "143"]

1. e4 g6 2. d4 Bg7 3. Nc3 d6 4. Be3 a6 5. Qd2 b5 6. f3 Nd7 7. O-O-O Nb6 8. h4 h5 9. Be2 Nf6 10. e5 Nfd5 11. Nxd5 Nxd5 12. Kb1 Nxe3 13. Qxe3 Be6 14. g4 Bd5 15. Rh2 e6 16. f4 hxg4 17. Bxg4 Rxh4 18. Rxh4 Qxh4 19. Bf3 Qg3 20. Qd3 Bxf3 21. Qxf3 Qxf3 22. Nxf3 O-O-O 23. b3 Bh6 24. d5 Bxf4 25. dxe6 fxe6 26. exd6 cxd6 27. Re1 Kd7 28. Nd4 e5 29. Ne2 g5 30. Rh1 g4 31. Nc3 g3 32. Ne4 Ke6 33. c4 bxc4 34. bxc4 d5 35. cxd5+ Kxd5 36. Nxg3 Rb8+ 37. Kc2 Bxg3 38. Rh6 Rc8+ 39. Kd3 e4+ 40. Ke3 Rc3+ 41. Ke2 Rc6 42. Rxc6 Kxc6 43. Ke3 Kd5 0-1


[Site "https://www.chess.com"]

[Event "Titled Tuesday Blitz August 15 Late 2023"]
[White "Labussiere, Yago"]
[Black "Curtis, John"]
[WhiteFideId "2186969"]
[BlackFideId "3200256"]
[WhiteElo "2378"]
[BlackElo "2054"]
[Result "0-1"]
[Round "5"]
[TimeControl "180+1"]
[Date "2023.08.15"]
[WhiteClock "0:00:11"]
[BlackClock "0:00:55"]
[Board "144"]

1. c4 g6 2. g3 Bg7 3. Bg2 c5 4. Nf3 Nc6 5. O-O e5 6. d3 Nge7 7. Nc3 O-O 8. Ne1 d6 9. Nc2 f5 10. Ne3 f4 11. Ned5 Nxd5 12. Nxd5 g5 13. e3 Kh8 14. Rb1 Ne7 15. Nxe7 Qxe7 16. b4 Rb8 17. bxc5 dxc5 18. Bb2 fxe3 19. fxe3 Bf5 20. Qe2 b6 21. Rf2 Rbd8 22. Bd5 e4 23. dxe4 Bxe4 24. Bxg7+ Kxg7 25. Qb2+ Kg6 26. Rbf1 Bxd5 27. cxd5 Qxe3 28. d6 Rxf2 29. Rxf2 Rf8 30. Qc2+ Kh6 31. d7 Qd4 32. d8=Q Qxd8 33. Rxf8 Qxf8 34. Qe4 Qf6 35. Qd5 Qd4+ 36. Qxd4 cxd4 37. Kf1 Kg6 38. Ke2 Kf5 39. Kd3 Ke5 40. g4 Kd5 41. h3 b5 42. a3 a5 43. h4 gxh4 44. g5 b4 45. g6 0-1


[Site "https://www.chess.com"]

[Event "Titled Tuesday Blitz August 15 Late 2023"]
[White "rionelG"]
[Black "Danishcrown"]
[WhiteElo "2374"]
[BlackElo "2052"]
[Result "0-1"]
[Round "5"]
[TimeControl "180+1"]
[Date "2023.08.15"]
[WhiteClock "0:00:00"]
[BlackClock "0:00:14"]
[Board "145"]

1. e4 c6 2. d4 d5 3. e5 c5 4. dxc5 Nc6 5. Nf3 Bg4 6. c3 e6 7. Be3 Bxf3 8. Qxf3 Nxe5 9. Bb5+ Nd7 10. Nd2 a6 11. Ba4 Nf6 12. b4 Be7 13. O-O O-O 14. Rfd1 a5 15. a3 Ne5 16. Qg3 Ng6 17. c4 Qc8 18. Bb3 axb4 19. axb4 Rd8 20. cxd5 Nxd5 21. Nc4 Rxa1 22. Rxa1 Nxb4 23. Nb6 Qc6 24. Rc1 Nd5 25. Bd4 Nxb6 26. Be5 Nd5 27. f4 Nxe5 28. fxe5 Bxc5+ 29. Kh1 Qb6 30. Rb1 Qc7 31. Bc2 Ne7 32. Qh4 Ng6 0-1


[Site "https://www.chess.com"]

[Event "Titled Tuesday Blitz August 15 Late 2023"]
[White "Burke, Paul"]
[Black "Topalov, Aleksandar"]
[WhiteFideId "2605767"]
[BlackFideId "925659"]
[WhiteElo "1844"]
[BlackElo "2370"]
[Result "0-1"]
[Round "5"]
[TimeControl "180+1"]
[Date "2023.08.15"]
[WhiteClock "0:00:00"]
[BlackClock "0:00:02"]
[Board "146"]

1. e4 e6 2. d4 d5 3. e5 Ne7 4. Bd3 Qd7 5. c3 b6 6. Qg4 Ba6 7. Bxa6 Nxa6 8. Nf3 c5 9. O-O Nb8 10. Re1 Nbc6 11. dxc5 bxc5 12. Qg3 Nf5 13. Qh3 c4 14. g4 Nfe7 15. Bf4 Rb8 16. Nbd2 Rxb2 17. Rad1 Qb7 18. Bg3 Ng6 19. Qg2 h5 20. gxh5 Rxh5 21. Nd4 Nxd4 22. cxd4 Bb4 23. Nxc4 Be7 24. Nxb2 Qxb2 25. Rb1 Qxa2 26. Rb8+ Bd8 27. Rc1 Ne7 28. Qf3 Rf5 29. Qd3 Qa5 30. Rc5 Qa4 31. Rcb5 g5 32. R5b7 Nc6 33. Qb1 Nxb8 34. Rxb8 Qd7 35. Rb7 Qc6 36. Rb8 Kd7 37. Qb4 Bc7 38. Rb7 a5 39. Qb3 a4 40. Qb2 Rf3 0-1


[Site "https://www.chess.com"]